 Dungeon Crawl Stone Soup version 0.20.0-8-g6b59dc7 (webtiles) character file.

166 Ketharn the Conjurer (level 5, -7/28 HPs)
             Began as a Deep Elf Conjurer on May 31, 2017.
             Killed by nerve-wracking pain
             ... invoked by an orc priest
              (14 damage)
             ... on level 3 of the Dungeon.
             The game lasted 00:18:56 (3166 turns).

Ketharn the Conjurer (Deep Elf Conjurer)            Turns: 3166, Time: 00:18:56

Health: -7/28      AC:  3    Str:  6    XL:     5   Next: 22%
Magic:  2/11       EV: 13    Int: 20    God:
Gold:   122        SH:  0    Dex: 15    Spells: 5/10 levels left

rFire    . . .     SeeInvis .   d - +0 short sword
rCold    . . .     Gourm    .   (no shield)
rNeg     . . .     Faith    .   a - +1 robe
rPois    .         Spirit   .   (no helmet)
rElec    .         Reflect  .   (no cloak)
rCorr    .         Harm     .   (no gloves)
MR       .....                  (no boots)
Stlth    ++........             (no amulet)
Regen    0.1/turn               k - +4 ring of slaying
MPRegen  0.2/turn               (no ring)

@: no status effects
A: no striking features
a: no special abilities


You were on level 3 of the Dungeon.
You were hungry.

You visited 1 branch of the dungeon, and saw 4 of its levels.

You collected 122 gold pieces.

Inventory:

Hand Weapons
 d - a +0 short sword (weapon)
Armour
 a - a +1 robe (worn)
Jewellery
 k - a +4 ring of slaying (left hand)
Scrolls
 e - a scroll of identify
 f - a scroll of magic mapping
 l - a scroll of enchant weapon {unknown}
 o - 3 scrolls of remove curse
Potions
 h - a potion of lignification
 m - a potion of magic
 p - a potion of haste {unknown}
Books
 b - a book of Conjurations

   Spells                             Type                      Level
   a - Magic Dart                     Conjuration                  1
   b - Searing Ray                    Conjuration                  2
   c - Dazzling Spray                 Conjuration/Hexes            3
   d - Fulminant Prism                Conjuration/Hexes            4
   e - Force Lance                    Conjuration/Translocation    4
   f - Iskenderun's Mystic Blast      Conjuration                  4
Comestibles
 c - a bread ration
 g - 3 meat rations
 j - 7 fruits
 n - a royal jelly


   Skills:
 - Level 2.4 Dodging
 - Level 2.4 Stealth
 - Level 3.0 Spellcasting
 * Level 7.2 Conjurations


You had 5 spell levels left.
You knew the following spells:

 Your Spells              Type           Power        Failure   Level  Hunger
a - Magic Dart            Conj           ####         1%          1    None
b - Iskenderun's Mystic   Conj           ####....     7%          4    ####...


Dungeon Overview and Level Annotations

Branches:
Dungeon (4/15)
 Temple: D:4-7

Altars:


Message History

The orc priest is severely wounded.
The orc priest barely misses you.
You are feeling hungry.
An orc priest comes into view. It is wielding a whip.
The orc priest looks satisfied for a moment.
The orc priest calls upon Beogh to heal the orc priest.
The orc priest is healed somewhat.
As you read the scroll labeled KIDAIBR QIFUYR, it crumbles to dust.
The creatures around you are filled with an inner flame!
It was a scroll of immolation.
The orc priest looks braver for a moment.
The orc warrior hits you with a hand axe.
The orc priest invokes the aid of Beogh against you.
Beogh smites you!
Ouch! That really hurt!
* * * LOW HITPOINT WARNING * * *
The orc priest invokes the aid of Beogh against you.
Pain shoots through your body!
Ouch! That really hurt!
You die...

#.## #.# #..# #.#
#..###.# #.o.##.#
#.#o##.# #.#.##.#
#.#..#.############
#.o...............#
####@..##########.#
#..)..# #.# #...#.#
#.# #...#.# #.#
######.#>#.# #.#
#......#.#.# #.#
#.######.#.# #.#
#.# #.#.# #.# #.#
#.#.########.#


You could see an orc warrior (inner flame) and 2 orc priests.

Vanquished Creatures
  5 gnolls
  2 adders
  2 oozes
  2 worms
  2 dart slugs
  A leopard gecko (D:2)
  2 orcs (D:3)
  6 giant cockroaches
  11 goblins
  11 hobgoblins
  9 jackals
  3 bats
  3 frilled lizards
  A jackal skeleton (D:4)
  7 kobolds
  7 rats
74 creatures vanquished.

Notes
Turn   | Place    | Note
-------+----------+-------------------------------------------
     0 | D:1      | Ketharn the Deep Elf Conjurer began the quest for the Orb.
     0 | D:1      | Reached XP level 1. HP: 10/10 MP: 6/6
   143 | D:1      | Reached XP level 2. HP: 15/15 MP: 5/8
   144 | D:1      | Reached skill level 5 in Conjurations
   518 | D:1      | Reached XP level 3. HP: 14/19 MP: 5/9
  1303 | D:2      | Reached skill level 6 in Conjurations
  1436 | D:2      | Reached XP level 4. HP: 9/24 MP: 5/10
  1897 | D:2      | Learned a level 4 spell: Iskenderun's Mystic Blast
  2112 | D:3      | HP: 1/24 [jackal (1)]
  2130 | D:3      | HP: 1/24 [jackal (1)]
  2420 | D:3      | Reached skill level 7 in Conjurations
  2420 | D:3      | Reached XP level 5. HP: 28/28 MP: 2/11
  3147 | D:3      | Noticed an orc warrior
  3166 | D:3      | Killed from afar by an orc priest

Skill      XL: |  1  2  3  4 |
---------------+-------------+-----
Conjurations   | 5 6 7 |  7.2
Dodging        | |  2.4
Stealth        | |  2.4
Spellcasting   | |  3.0

Action                   |  1- 3 |  4- 6 || total
-------------------------+-------+-------++-------
Melee: Unarmed           |     3 |       ||     3
       Short sword       |       |    10 ||    10
 Cast: Magic Dart        |    83 |    69 ||   152
       Iskenderun's Myst |       |    10 ||    10
  Use: Scroll            |     7 |     2 ||     9
       Potion            |     3 |       ||     3
  Eat: Chunk             |     1 |     5 ||     6
       Royal jelly       |       |     1 ||     1
Armor: Robe              |     4 |    15 ||    19
Dodge: Dodged            |    10 |    52 ||    62
